 Dungeon Sprint DCSS version 0.29-a0-789-g7a8fcbc185 (webtiles) character file.

Game seed: 13313827255625926482

156 mhtbhm the Trooper (level 5, -18/50 HPs)
             Began as a Palentonga Fighter on July 2, 2022.
             Demolished by an ogre
             ... wielding a +0 giant spiked club
              (21 damage)
             ... in the Dungeon (Sprint IX: "|||||||||||||||||||||||||||||").
             The game lasted 00:00:17 (251 turns).

mhtbhm the Trooper (Palentonga Fighter)              Turns: 251, Time: 00:00:19

Health: -18/50     AC:  7    Str: 21    XL:     5   Next: 15%
Magic:  5/5        EV:  7    Int:  8    God:
Gold:   0          SH:  5    Dex: 10    Spells: 4/4 levels left

rFire   . . .      SeeInvis +   a - +0 flail
rCold   . . .      Faith    .   c - +0 buckler
rNeg    . . .      Spirit   .   b - +0 scale mail
rPois   .          Reflect  .   (no helmet)
rElec   .          Harm     .   (no cloak)
rCorr   .          Rampage  .   (no gloves)
Will    .....      NoTele   +   (no barding)
Stlth   ..........              (no amulet)
HPRegen 0.16/turn               (no ring)
MPRegen 0.09/turn               (no ring)

@: on berserk cooldown, slowed, very slow
A: large, rugged brown scales 3, see invisible, deformed body, roll 1, armoured
tail
a: Rolling Charge


You were in the Dungeon.
You visited 1 branch

Inventory:

Hand Weapons
 a - a +0 flail (weapon)
Armour
 b - a +0 scale mail (worn)
 c - a +0 buckler (worn)
Scrolls
 j - a scroll of blinking
Potions
 d - a potion of might
 g - a potion of haste
 h - 2 potions of magic


   Skills:
 + Level 6.3 Fighting
 + Level 4.1 Maces & Flails
 + Level 5.6 Armour
 + Level 1.1 Dodging
 + Level 5.1 Shields


You had 4 spell levels left.
You didn't know any spells.
Your spell library was empty.

Dungeon Overview and Level Annotations

Branches:
Dungeon (1/1)

Altars:


Innate Abilities, Weirdness & Mutations

You are completely covered in rugged brown scales. (AC +3, +7% HP)
You have supernaturally acute eyesight. (SInv)
Armour fits poorly on your strangely shaped body.
You can roll at nearby foes to attack.
You have a long armoured tail.


Message History

The scorpion is lightly wounded.
The scorpion barely misses you.
You closely miss the scorpion.
Your tail-slap misses the scorpion.
The scorpion is lightly wounded.
The scorpion stings you but does no damage.
You barely miss the scorpion.
The scorpion is lightly wounded.
The scorpion stings you.
You are poisoned.
The scorpion poisons you!
You thump the scorpion!
The scorpion is almost dead.
You feel sick.
You hit the scorpion.
You kill the scorpion!
You feel sick.
Your Fighting skill increases to level 6!
Your Maces & Flails skill increases to level 4!
Your Dodging skill increases to level 1!
Your Shields skill increases to level 5!
You have reached level 5!
You sock the ogre! You tail-slap the ogre!
The ogre is almost dead.
You feel sick. The ogre closely misses you.
You barely miss the ogre.
The ogre is almost dead.
You are no longer berserk.
You are exhausted.
You feel yourself slow down.
You feel sick.
You barely miss the ogre.
The ogre is almost dead.
You feel sick. The ogre closely misses you.
You barely miss the ogre.
The ogre is almost dead.
You feel sick.
You are no longer poisoned.
The ogre hits you with a +0 giant spiked club!
* * * LOW HITPOINT WARNING * * *
The ogre hits you with a +0 giant spiked club!!
You die... ▓▓▓▓▓▓▓▓▓▓▓▓▓▓▓▓▓▓ +....O@....÷'...<▓ ▓▓▓▓▓▓▓▓▓▓▓▓▓▓▓▓▓▓

You could see an ogre.

Vanquished Creatures
  A centaur (D)
  A scorpion (D)
  A gnoll (D)
  A dart slug (D)
  2 bats (D)
  A jackal (D)
  A quokka (D)
  A frilled lizard (D)
9 creatures vanquished.

Notes
Turn   | Place    | Note
-------+----------+-------------------------------------------
     0 | D        | mhtbhm the Palentonga Fighter began the quest for the Orb.
     0 | D        | Reached XP level 1. HP: 19/19 MP: 1/1
   230 | D        | Noticed an ogre
   230 | D        | Noticed a scorpion
   230 | D        | Noticed a centaur
   235 | D        | Killed a centaur
   236 | D        | Reached skill level 5 in Fighting
   236 | D        | Reached XP level 2. HP: 21/28 MP: 2/2
   236 | D        | Reached XP level 3. HP: 26/35 MP: 3/3
   236 | D        | Reached XP level 4. HP: 30/41 MP: 4/4
   240 | D        | Reached skill level 5 in Armour
   247 | D        | Killed a scorpion
   248 | D        | Reached skill level 6 in Fighting
   248 | D        | Reached skill level 1 in Dodging
   248 | D        | Reached skill level 5 in Shields
   248 | D        | Reached XP level 5. HP: 35/50 MP: 5/5
   251 | D        | Demolished by an ogre

Illustrated notes

Levels and vault maps discovered:
D:        linesprint [early_d, line_temple, items_1, d_10, items_2, lair_1,
          lair_end, items_3, orc_1, orc_end, items_4, d_15, swamp_1, shoals_1,
          snake_1, spider_1, d_20, vaults_1, items_5, swamp_end, shoals_end,
          snake_end, spider_end, vaults_end, d_27, items_6, zot_1, zot_end,
          crypt_end, forest_end, elf_end, slime_end, tomb_end, abyss_end,
          pan_hell_end]

Skill      XL: |  1  2  3  4 |
---------------+-------------+-----
Shields        | 4 5 |  5.1
Armour         | 4 5 |  5.6
Fighting       | 5 6 |  6.3
Maces & Flails | 3 4 |  4.1
Dodging        | 1 |  1.1

Action                   |  1- 3 |  4- 6 || total
-------------------------+-------+-------++-------
Melee: Flail             |    25 |    16 ||    41
       Tailslap          |     1 |     2 ||     3
  Use: Potion            |     3 |       ||     3
Armor: Scale mail        |    21 |     3 ||    24
Dodge: Dodged            |    11 |     5 ||    16
Block: Buckler           |     8 |     1 ||     9

Table legend: (Time is in decaauts)
 A = Elapsed time spent in this place.
 B = Non-inter-level travel time spent in this place.
 C = Inter-level travel time spent in this place.
 D = Time resting spent in this place.
 E = Time spent auto-exploring this place.
 F = Levels seen in this place.
 G = Mean time per level.
                   A        B        C        D        E       F      G
               +--------+--------+--------+--------+--------+-----+--------+
         Total |    256 |    256 |      0 |    197 |      3 |   1 |  256.0 |
       Dungeon |    256 |    256 |      0 |    197 |      3 |   1 |  256.0 |
               +--------+--------+--------+--------+--------+-----+--------+

Top non-repeatable levels by time:
       D: 256 daAuts
